AoeStats
← 乳不巨何以聚人心

Lombardia

509875011Analyzed
4v4 RM · 4d ago on Sep 28, 2026· 47m 38s· 8 players
Game mode
Random Map
Map size
Large (8 player)
Population
200
Speed
Normal
Resources
Standard
Victory
Conquest
Starting age
Dark Age
Ending age
Imperial Age
RankedLock teamsTeams togetherTeam positionsShared explorationLock speedFull tech treeHidden civsTurbo modeCheats
Victory
Defeat
🇨🇳 Franks · China
1187
+13
🇨🇳 Portuguese · China
1168
+13
🇧🇷 Britons · Brazil
1167
+14
🇧🇪 Wei · Belgium
1132
+15
🇭🇰 Danes · Hong Kong SAR China
1188
-17
🇹🇼 Persians · Taiwan
1126
-14
🇹🇼 Byzantines · Taiwan
1077
-12
🇹🇼 Huns · Taiwan
1059
-12
Heretic Prophet
3:01 Loom
10:52 Feudal Age
11:37 Double-Bit Axe
11:35 Horse Collar
13:28 Gold Mining
15:01 Stone Mining
17:39 Wheelbarrow
19:53 Castle Age
21:41 Gold Shaft Mining
21:09 Heavy Plow
21:22 Bow Saw
27:08 Hand Cart
27:07 Town Watch
28:38 Stone Shaft Mining
31:43 Caravan
32:42 Bloodlines
32:32 Husbandry
37:01 Imperial Age
34:47 Fletching
34:58 Padded Archer Armor
35:26 Bodkin Arrow
37:41 Thumb Ring
37:53 Leather Archer Armor
39:40 Bracer
40:11 Ring Archer Armor
40:10 Ming Guang Armor
40:06 Conscription
39:48 Tuntian
40:51 Chemistry
40:12 Ballistics
39:19 Heavy Hei Guang Cavalry
41:31 Scale Barding Armor
41:37 Forging
44:47 Parthian Tactics
yangyang
3:19 Loom
11:44 Feudal Age
14:04 Horse Collar
20:31 Castle Age
19:30 Scale Barding Armor
21:04 Bloodlines
25:50 Chain Barding Armor
25:41 Forging
29:09 Iron Casting
28:37 Husbandry
33:59 Stone Mining
34:32 Heavy Plow
35:28 Scale Mail Armor
35:15 Double-Bit Axe
36:52 Wheelbarrow
37:13 Circumnavigation
40:18 Imperial Age
37:58 Pikeman
38:23 Gambesons
38:24 Arson
39:46 Hand Cart
40:27 Bow Saw
40:44 Elite Organ Gun
43:01 Two-Man Saw
42:00 Halberdier
43:50 Blast Furnace
43:05 Chain Mail Armor
43:15 Gold Mining
44:00 Stone Shaft Mining
43:58 Conscription
43:39 Arquebus
46:52 Chemistry
grain8720
11:50 Feudal Age
16:10 Castle Age
14:53 Double-Bit Axe
14:49 Horse Collar
17:20 Heavy Plow
17:31 Bow Saw
17:58 Wheelbarrow
19:14 Loom
27:26 Gold Mining
31:28 Imperial Age
29:47 Town Watch
30:18 Hand Cart
30:46 Yeomen
30:18 Fletching
31:32 Caravan
31:59 Bodkin Arrow
32:04 Padded Archer Armor
32:29 Ballistics
33:10 Chemistry
32:44 Bracer
33:50 Conscription
33:10 Pikeman
33:50 Squires
33:35 Arson
34:07 Leather Archer Armor
33:52 Scale Mail Armor
35:35 Ring Archer Armor
36:42 Scale Mail Armor
36:53 Forging
36:05 Halberdier
39:09 Chain Mail Armor
39:29 Iron Casting
38:47 Treadmill Crane
39:41 Elite Longbowman
41:13 Plate Mail Armor
41:43 Blast Furnace
43:43 Hoardings
subaru
10:42 Feudal Age
10:40 Loom
11:25 Double-Bit Axe
19:21 Castle Age
18:46 Forging
27:19 Bow Saw
31:00 Wheelbarrow
30:22 Gold Mining
35:17 Imperial Age
34:27 Husbandry
34:36 Scale Barding Armor
35:06 Iron Casting
35:04 Masonry
34:34 Treadmill Crane
35:56 Hand Cart
35:28 Cavalier
37:09 Chain Barding Armor
37:50 Blast Furnace
37:06 Elite Throwing Axeman
38:16 Scale Mail Armor
38:08 Fletching
38:21 Ordonnance Companies
39:14 Gold Mining
39:15 Stone Mining
39:52 Chain Mail Armor
39:36 Town Watch
40:26 Conscription
42:05 Hoardings
42:21 Plate Mail Armor
41:48 Bodkin Arrow
43:26 Architecture
43:57 Chemistry
45:26 Ballistics
44:53 Arrowslits
45:07 Murder Holes
45:22 Fortified Wall
46:52 Plate Barding Armor
46:41 Chivalry
xi jinping
4:52 Loom
12:22 Feudal Age
16:26 Castle Age
15:04 Wheelbarrow
14:16 Loom
15:55 Horse Collar
17:49 Double-Bit Axe
19:39 Bow Saw
22:02 Squires
22:18 Fervor
26:43 Hand Cart
34:58 Imperial Age
33:00 Gold Mining
33:00 Stone Mining
35:34 Gold Shaft Mining
35:42 Scale Mail Armor
35:28 Arson
35:29 Gambesons
35:57 Heavy Plow
36:39 Stone Shaft Mining
35:39 Pikeman
36:31 Forging
36:38 Chain Mail Armor
36:22 Elite Varangian Guard
37:30 Logistica
37:41 Conscription
37:12 Halberdier
38:21 Fortified Wall
38:33 Ballistics
37:53 Treadmill Crane
38:47 Plate Mail Armor
38:53 Iron Casting
40:29 Crop Rotation
40:37 Iron Casting
41:16 Two-Man Saw
41:03 Fletching
41:13 Padded Archer Armor
44:11 Chemistry
43:10 Bodkin Arrow
43:30 Leather Archer Armor
46:20 Caravan
46:31 Elite Cataphract
44
11:02 Feudal Age
12:01 Double-Bit Axe
11:59 Horse Collar
15:31 Wheelbarrow
18:31 Castle Age
19:31 Bow Saw
21:24 Loom
23:50 Heavy Plow
25:07 Pikeman
27:04 Hand Cart
28:41 Caravan
31:32 Gold Mining
36:00 Imperial Age
34:41 Husbandry
34:52 Bloodlines
34:59 Forging
34:56 Scale Barding Armor
35:10 Marauders
36:46 Chain Barding Armor
37:02 Iron Casting
36:21 Cavalier
37:31 Conscription
36:34 Elite Tarkan
38:05 Plate Barding Armor
39:17 Two-Man Saw
37:55 Paladin
40:34 Blast Furnace
39:39 Squires
44:02 Chemistry
43:22 Ballistics
42:51 Light Cavalry
45:15 Scale Mail Armor
45:08 Fletching
45:18 Padded Archer Armor
45:42 Elite Skirmisher
46:32 Bodkin Arrow
46:53 Leather Archer Armor
Kuo
5:10 Loom
12:49 Feudal Age
13:12 Horse Collar
14:52 Double-Bit Axe
18:02 Castle Age
17:19 Gold Mining
17:40 Forging
18:07 Scale Barding Armor
19:04 Iron Casting
19:23 Bow Saw
19:13 Heavy Plow
21:55 Husbandry
25:03 Bloodlines
33:21 Wheelbarrow
32:33 Town Watch
34:47 Chain Barding Armor
37:15 Imperial Age
35:02 Hand Cart
36:56 Heavy Camel Rider
38:11 Plate Barding Armor
38:38 Blast Furnace
38:40 Chemistry
38:00 Ballistics
38:36 Conscription
38:39 Caravan
38:23 Cavalier
38:25 Light Cavalry
40:42 Coinage
40:22 Guilds
40:32 Fletching
40:43 Padded Archer Armor
40:43 Scale Mail Armor
41:16 Savar
45:45 Two-Man Saw
48:02 Crop Rotation
乳不巨何以聚人心
8:55 Loom
10:41 Feudal Age
11:14 Man-at-Arms
13:43 Scale Mail Armor
14:11 Arson
16:44 Forging
21:32 Castle Age
19:59 Double-Bit Axe
20:17 Horse Collar
21:36 Pikeman
22:19 Squires
23:22 Bow Saw
26:11 Chain Mail Armor
26:33 Iron Casting
26:30 Gambesons
31:24 Heavy Plow
34:08 Wheelbarrow
35:35 Hand Cart
40:28 Imperial Age
40:34 Onager
41:35 Halberdier
43:07 Conscription
43:47 Plate Mail Armor
44:19 Blast Furnace
45:33 Chemistry
44:40 Siege Onager
Connection lost

Rejoining the realm…

Still unreachable

The connection could not be restored.

Session expired

The server has moved on; the page needs a fresh start.